 Dungeon Crawl Stone Soup version 0.25-a0-780-g622e69b31f (webtiles) character file.

Game seed: 6521655230394798729, levelgen mode: deterministic

16041 Hasart the Frost Mage (level 12, -1/59 HPs)
             Began as a Deep Elf Ice Elementalist on Apr 14, 2020.
             Was a High Priest of Vehumet.
             Killed from afar by an electric eel (8 damage)
             ... with a bolt of electricity
             ... on level 12 of the Dungeon.
             The game lasted 00:38:43 (13190 turns).

Hasart the Frost Mage (Deep Elf Ice Elementalist)  Turns: 13190, Time: 00:38:45

Health: -1/59      AC: 10    Str:  2    XL:     12   Next: 6%
Magic:  30/30      EV: 14    Int: 26    God:    Vehumet [*****.]
Gold:   699        SH:  0    Dex: 25    Spells: 15/35 levels left

rFire    + . .     SeeInvis .   j - +10 battleaxe "Lerrivvu" {vorpal, rF++ Str-3 Dex+10 Stlth+}
rCold    + + .     Gourm    .   (shield currently unavailable)
rNeg     . . .     Faith    .   W - +0 troll leather armour
rPois    .         Spirit   .   v - +1 helmet
rElec    .         Reflect  .   (no cloak)
rCorr    .         Harm     .   l - +2 pair of gloves
MR       +....                  C - +0 pair of boots
Stlth    ++........             T - amulet of magic regeneration
HPRegen  0.59/turn              m - ring of ice
MPRegen  0.47/turn              x - ring of protection from cold

@: very slow
A: no striking features
a: Renounce Religion


You were on level 12 of the Dungeon.
You worshipped Vehumet.
Vehumet was extremely pleased with you.
You were not hungry.

You visited 1 branch of the dungeon, and saw 12 of its levels.
You also visited: Sewer and Ossuary.

You collected 699 gold pieces.

Inventory:

Hand Weapons
 j - the +10 battleaxe "Lerrivvu" (weapon) {vorpal, rF++ Str-3 Dex+10 Stlth+}
   (You took it off an orc warrior on level 11 of the Dungeon)

   It inflicts extra damage upon your enemies.
   It affects your strength (-3).
   It affects your dexterity (+10).
   It greatly protects you from fire.
   It makes you more stealthy.
Armour
 l - a +2 pair of gloves (worn)
 v - a +1 helmet (worn)
 C - a +0 pair of boots (worn)
 W - a +0 troll leather armour (worn)
 X - a +2 scale mail of fire resistance
Jewellery
 m - a ring of ice (left hand)
 x - a ring of protection from cold (right hand)
 B - an uncursed ring of resist corrosion
 T - an amulet of magic regeneration (around neck)
 U - an uncursed ring of wizardry
Wands
 a - a wand of disintegration (11)
 k - a wand of flame (18)
 n - a wand of iceblast (9)
Scrolls
 b - 12 scrolls of identify
 d - 7 scrolls of remove curse
 e - 3 scrolls of random uselessness {unknown}
 p - 3 scrolls of blinking {unknown}
 y - a scroll of magic mapping {unknown}
 z - 10 scrolls of teleportation {unknown}
 D - 3 scrolls of fog {unknown}
 G - 3 scrolls of noise {unknown}
 H - 5 scrolls of amnesia {unknown}
 I - a scroll of torment {unknown}
 K - 3 scrolls of fear {unknown}
 N - 2 scrolls of immolation {unknown}
 P - a scroll of enchant weapon {unknown}
Potions
 f - 2 potions of ambrosia
 g - a potion of invisibility {unknown}
 h - 5 potions of brilliance {unknown}
 o - 5 potions of flight {unknown}
 q - 5 potions of haste {unknown}
 r - 2 potions of might {unknown}
 t - 7 potions of curing {unknown}
 u - 5 potions of mutation {unknown}
 A - 6 potions of heal wounds
 E - 2 potions of magic {unknown}
 F - 3 potions of lignification {unknown}
 J - a potion of cancellation {unknown}
 L - 6 potions of degeneration {unknown}
 O - a potion of berserk rage {unknown}
 Q - a potion of stabbing {unknown}
Comestibles
 c - 24 rations
 i - a chunk of flesh


   Skills:
 - Level 5.0 Dodging
 - Level 2.4 Stealth
 + Level 12.3 Spellcasting
 + Level 9.8 Conjurations
 - Level 6.0 Summonings
 * Level 14.5 Ice Magic


You had 15 spell levels left.
You knew the following spells:

 Your Spells              Type           Power        Failure   Level  Hunger
a - Freeze                Ice            ####         0%          1    None
b - Frozen Ramparts       Ice            ######       1%          3    None
c - Summon Ice Beast      Ice/Summ       #######.     1%          4    None
d - Hailstorm             Conj/Ice       #######.     1%          4    None
e - Iskenderun's Mystic   Conj/Tloc      #####...     3%          4    None
f - Sticky Flame          Conj/Fire      #####...     3%          4    None

Your spell library contained the following spells:

 Spells                   Type           Power        Failure   Level  Hunger
 Magic Dart               Conj           ####         1%          1    None
 Searing Ray              Conj           ######       1%          2    None
 Dazzling Flash           Conj/Hex       #####.       1%          3    None
 Ozocubu's Armour         Chrm/Ice       ######..     1%          3    None
 Fulminant Prism          Conj/Hex       #####.....   3%          4    None


Dungeon Overview and Level Annotations

Branches:
Dungeon (12/15)            Temple (0/1) D:4            Lair (0/6) D:8
    Orc (0/2) D:11          Sewer (visited)         Ossuary (visited)

Altars:
Gozag
Hepliaklqana
Makhleb
Sif Muna
Uskayaw
Vehumet
Xom
Yredelemnul
Beogh

Shops:
D:11 %

Annotations:
D:7 2 transporters, grmr's ghost, novice DsNe
D:10 1 runed translucent door, Lanoc's ghost, novice GrCK
D:12 Erolcha


Message History

Unknown command.
The troll bites you! The troll claws you! The troll closely misses you.
The wyvern bites you!
* * * LOW HITPOINT WARNING * * *
Unknown command.
Really walk into that teleport trap?
Okay, then.
Really walk into that teleport trap?
You enter a teleport trap!
The teleport trap disappears.
Your surroundings suddenly seem different.
Splash!
You fall into the shallow water.
Moving in this stuff is going to be slow.
A hippogriff, a gargoyle, an ugly thing, a centaur, an electric eel and a water elemental come into view.
The centaur shouts!
The electric eel shoots out a bolt of lightning at you!
The bolt of electricity hits you!
* * * LOW HITPOINT WARNING * * *
The bolt of electricity hits you!
You die...

#. #....≈.[.
#. ........
#.
##≈≈≈;≈≈##
##
.#≈≈u≈≈≈≈≈##
.H≈≈≈≈≈9≈≈≈#
.#≈≈≈≈≈≈≈≈#
...≈≈≈≈≈≈#
..%....@#
..E....##
≈≈≈c...
≈≈≈≈...
≈≈≈....
.......
.......
.......


You could see a purple ugly thing, a hippogriff, a water elemental, a gargoyle,
a centaur and an electric eel.

Vanquished Creatures
  The ghost of bmj180 the Destroyer, a journeyman DrCj of Vehumet (D:11)
  2 death yaks
  2 two-headed ogres
  A nameless horror (D:4)
  A wizard (D:12)
  Pikel (D:5)
  2 gargoyles
  Maggie (D:9)
  3 trolls
  A hornet (D:7)
  2 hippogriffs
  A water elemental (D:12)
  Sigmund (D:3)
  A vampire (D:11)
  A shadow (D:11)
  A wraith (D:10)
  9 yaks (D:11)
  A warg (D:11)
  A water moccasin (D:7)
  2 sky beasts
  A slave (D:5)
  2 ice beasts
  7 orc warriors
  An ogre (D:7)
  2 black bears
  3 phantoms
  An eye of draining (D:11)
  5 centaurs
  6 big kobolds
  A gnoll sergeant (D:9)
  A bullfrog (D:7)
  4 scorpions
  7 killer bees
  3 electric eels
  4 howler monkeys
  2 quasits
  3 centaur zombies
  3 crimson imps
  2 bullfrog zombies (Ossuary)
  6 hounds
  11 orc priests
  3 centaur skeletons
  5 mummies (Ossuary)
  Natasha (twice) (D:3)
  8 orc wizards
  5 worker ants
  2 hound zombies (Ossuary)
  A howler monkey zombie (Ossuary)
  2 worker ant zombies (Ossuary)
  Robin (D:3)
  13 adders
  4 gnolls (D:9)
  2 river rats (Sewer)
  7 oozes
  2 adder skeletons
  3 adder zombies (Ossuary)
  7 worms
  5 leopard geckos
  50 orcs
  5 ball pythons
  6 bats
  3 giant cockroaches
  13 goblins
  2 hobgoblins (D:1)
  9 jackals
  13 kobolds
  5 quokkas
  A giant cockroach zombie (Ossuary)
  A jackal zombie (Ossuary)
  A leopard gecko skeleton (D:4)
  3 leopard gecko zombies (Ossuary)
  2 quokka zombies
  13 rats
309 creatures vanquished.

Vanquished Creatures (collateral kills)
  2 two-headed ogres (D:8)
  A death yak (D:8)
  A hungry ghost (D:8)
  Edmund (D:5)
  2 phantoms
  An ice beast (D:4)
  A black bear (D:8)
  A centaur (D:8)
  A bullfrog (D:8)
  A wyvern zombie (D:6)
  A bullfrog zombie (Ossuary)
  A centaur zombie (Ossuary)
  6 mummies (Ossuary)
  An adder zombie (Ossuary)
  A giant cockroach zombie (Ossuary)
22 creatures vanquished.

Vanquished Creatures (others)
  3 withered plants (Ossuary)
3 creatures vanquished.

Grand Total: 334 creatures vanquished

Notes
Turn   | Place    | Note
-------+----------+-------------------------------------------
     0 | D:1      | Hasart the Deep Elf Ice Elementalist began the quest for
                  | the Orb.
     0 | D:1      | Reached XP level 1. HP: 10/10 MP: 6/6
    95 | D:1      | Reached XP level 2. HP: 2/15 MP: 0/8
   781 | D:2      | Found a radiant altar of Vehumet.
   785 | D:2      | Became a worshipper of Vehumet
  1007 | D:2      | Reached skill level 5 in Ice Magic
  1007 | D:2      | Reached XP level 3. HP: 14/19 MP: 6/10
  1302 | D:2      | Learned a level 3 spell: Frozen Ramparts
  1314 | D:2      | Found an opulent altar of Gozag.
  1479 | D:3      | Noticed Robin
  1495 | D:3      | Killed Robin
  1500 | D:3      | Reached XP level 4. HP: 17/24 MP: 0/11
  1620 | D:3      | Reached * piety under Vehumet
  1620 | D:3      | Offered knowledge of Shock by Vehumet.
  1703 | D:3      | Found a glowing drain.
  1718 | D:3      | Reached XP level 5. HP: 28/28 MP: 5/13
  1726 | Sewer    | Entered a sewer
  1833 | Sewer    | Reached skill level 6 in Ice Magic
  1840 | Sewer    | Learned a level 4 spell: Summon Ice Beast
  1845 | Sewer    | Learned a level 4 spell: Hailstorm
  1887 | Sewer    | Reached XP level 6. HP: 27/32 MP: 13/15
  2305 | Sewer    | Reached skill level 5 in Spellcasting
  2311 | Sewer    | Reached skill level 1 in Conjurations
  2311 | Sewer    | Reached skill level 1 in Summonings
  3058 | D:3      | Reached XP level 7. HP: 36/36 MP: 14/17
  3120 | D:3      | Noticed Natasha
  3129 | D:3      | Killed Natasha
  3189 | D:3      | Noticed Sigmund
  3201 | D:3      | Killed Sigmund
  3201 | D:3      | Reached skill level 5 in Dodging
  3201 | D:3      | Reached skill level 7 in Ice Magic
  3324 | D:3      | Noticed Natasha
  3327 | D:3      | Killed Natasha
  3466 | D:4      | Reached ** piety under Vehumet
  3551 | D:4      | Offered knowledge of Foxfire by Vehumet.
  3644 | D:4      | Found a staircase to the Ecumenical Temple.
  4025 | D:5      | Entered Level 5 of the Dungeon
  4029 | D:5      | Noticed a nameless horror
  4366 | D:5      | Reached XP level 8. HP: 34/41 MP: 16/19
  4381 | D:5      | Reached skill level 8 in Ice Magic
  4383 | D:5      | Noticed Pikel
  4397 | D:5      | Killed Pikel
  4549 | D:5      | You fall into a shaft and drop 3 floors!
  4549 | D:8      | Noticed a two-headed ogre
  4553 | D:8      | Noticed a two-headed ogre
  4557 | D:8      | Killed a two-headed ogre
  4557 | D:8      | Reached skill level 9 in Ice Magic
  4557 | D:8      | Reached XP level 9. HP: 29/45 MP: 4/22
  4561 | D:8      | Killed a two-headed ogre
  4561 | D:8      | Reached skill level 5 in Conjurations
  4561 | D:8      | Reached skill level 5 in Summonings
  4603 | D:8      | Offered knowledge of Dazzling Flash by Vehumet.
  4648 | D:8      | Reached skill level 10 in Ice Magic
  4649 | D:8      | Noticed a death yak
  4660 | D:8      | Noticed a death yak
  4681 | D:8      | Killed a death yak
  4698 | D:8      | Found a sand-covered staircase.
  4724 | Ossuary  | Entered an ossuary
  4793 | Ossuary  | Reached *** piety under Vehumet
  5097 | Ossuary  | Offered knowledge of Olgreb's Toxic Radiance by Vehumet.
  5650 | D:8      | Noticed a death yak
  5652 | D:8      | Noticed a death yak
  5655 | D:8      | Killed a death yak
  5655 | D:8      | Reached skill level 11 in Ice Magic
  5655 | D:8      | Reached XP level 10. HP: 13/50 MP: 10/25
  5657 | D:8      | Noticed a death yak
  5658 | D:8      | Noticed a death yak
  5660 | D:8      | Found a staircase to the Lair.
  5690 | D:7      | Killed a death yak
  5969 | D:7      | Found a hazy altar of Hepliaklqana.
  6176 | D:7      | Reached **** piety under Vehumet
  6195 | D:7      | Found a transporter.
  6506 | D:7      | Found a shimmering altar of Xom.
  6709 | D:7      | Found a transporter.
  6710 | D:7      | Noticed grmr's ghost (novice DsNe)
  6801 | D:7      | Reached skill level 10 in Spellcasting
  6801 | D:7      | Offered knowledge of Yara's Violent Unravelling by Vehumet.
  6924 | D:7      | Reached skill level 12 in Ice Magic
  8221 | D:6      | Found a shimmering blue altar of Sif Muna.
  8312 | D:6      | Found a burning altar of Makhleb.
  8631 | D:5      | Noticed Edmund
  8638 | D:5      | Killed Edmund
  9147 | D:5      | Found a basalt altar of Yredelemnul.
  9246 | D:4      | Killed a nameless horror
  9566 | D:8      | Found a hide-covered altar of Uskayaw.
  9867 | D:9      | Noticed Maggie
  9872 | D:9      | Killed Maggie
 10380 | D:10     | Entered Level 10 of the Dungeon
 10380 | D:10     | Noticed a two-headed ogre
 10402 | D:10     | Found a runed translucent door.
 10402 | D:10     | Noticed Lanoc's ghost (novice GrCK)
 10418 | D:10     | Learned a level 4 spell: Iskenderun's Mystic Blast
 10445 | D:10     | Killed a two-headed ogre
 10445 | D:10     | Reached XP level 11. HP: 42/54 MP: 20/27
 10450 | D:10     | Reached ***** piety under Vehumet
 10587 | D:10     | Offered knowledge of Ozocubu's Refrigeration by Vehumet.
 10661 | D:10     | Reached skill level 13 in Ice Magic
 11524 | D:11     | Found Ovuteaqe's Food Emporium.
 11602 | D:11     | Noticed a two-headed ogre
 11608 | D:11     | Killed a two-headed ogre
 11876 | D:11     | Found a runed translucent gate.
 11876 | D:11     | Found a runed translucent gate.
 11876 | D:11     | Found a runed translucent gate.
 11879 | D:11     | Identified the +10 battleaxe "Lerrivvu" {vorpal, rF++ Str-3
                  | Dex+10 Stlth+}
 11879 | D:11     | Identified the cursed +1 chain mail of Ciummesi {Str+3}
 11880 | D:11     | Noticed bmj180's ghost (journeyman DrCj)
 11882 | D:11     | Found a roughly hewn altar of Beogh.
 12109 | D:11     | Killed bmj180's ghost
 12181 | D:11     | Got a warped cloak
 12182 | D:11     | Identified the cursed -6 cloak of Wunt {rCorr} (You found
                  | it on level 11 of the Dungeon)
 12264 | D:11     | Reached skill level 14 in Ice Magic
 12438 | D:11     | Found a staircase to the Orcish Mines.
 12595 | D:11     | Offered knowledge of Sticky Flame by Vehumet.
 12603 | D:11     | Learned a level 4 spell: Sticky Flame
 12753 | D:12     | Found a shimmering altar of Xom.
 12919 | D:12     | Reached XP level 12. HP: 42/59 MP: 30/30
 13187 | D:12     | Noticed Erolcha
 13190 | D:12     | Killed from afar by an electric eel

Levels and vault maps discovered:
D:1:      lightli_molten_gateway, layout_rooms, minivault_5
D:2:      layout_rooms, vehumet_crystals, grunt_gozag_breadcrumbs
D:3:      layout_basic, gup_sewer_entry_glass, uniq_robin, uniq_sigmund,
          uniq_natasha
D:4:      layout_basic, minmay_temple_entry_large_hall, minmay_misc_feat_chi
D:5:      layout_cave_pools, lemuel_coloured_pillars_altar, first_ration,
          uniq_pikel, uniq_edmund
D:6:      layout_loops_corners, lemuel_doored_altar,
          nicolae_overflow_crystal_walls
D:7:      layout_basic, kennysheep_little_box, kennysheep_mini_moat,
          gammafunk_ghost_mausoleum
D:8:      layout_rooms, nicolae_overflow_hidden_temple, dpeg_lair_monsters,
          nicolae_ossuary_entry_ruins
D:9:      layout_basic, uniq_maggie
D:10:     wander_river, layout_basic, hellmonk_ghost_happy_afterlife
D:11:     layout_roguey, hiddenorc2_lemuel, serial_shops,
          nicolae_shop_behind_doors, biasface_ghost_orc_armoury,
          blue_anna_alchemist [blue_anna_fruit_fields, blue_anna_fruit_fields]
D:12:     layout_basic, xom_teletrap_fun, uniq_erolcha

Skill      XL: |  1  2  3  4  5  6  7  8  9 10 11 |
---------------+----------------------------------+-----
Dodging        | 3 4 5 |  5.0
Ice Magic      | 5 6 7 9 11 12 14 | 14.5
Spellcasting   | 4 5 6 7 9 10 12 | 12.3
Conjurations   | 1 3 4 6 8 9 |  9.8
Summonings     | 1 3 4 6 |  6.0
Stealth        | |  2.4

Action                   |  1- 3 |  4- 6 |  7- 9 | 10-12 || total
-------------------------+-------+-------+-------+-------++-------
Melee: Unarmed           |     5 |       |       |       ||     5
       Spear             |    16 |     8 |       |       ||    24
       Hand axe          |       |    11 |   179 |    21 ||   211
       Flail             |       |       |       |    61 ||    61
       Battleaxe         |       |       |       |    33 ||    33
Throw: Dart              |       |     9 |       |       ||     9
 Cast: Freeze            |    51 |    69 |    63 |   136 ||   319
       Frozen Ramparts   |       |     6 |    12 |    14 ||    32
       Summon Ice Beast  |       |       |    26 |    15 ||    41
       Hailstorm         |       |       |     1 |    74 ||    75
       Iskenderun's Myst |       |       |       |    18 ||    18
       Sticky Flame      |       |       |       |     3 ||     3
  Use: Scroll            |       |       |     3 |     1 ||     4
       Potion            |       |       |     1 |       ||     1
 Stab: Sleeping          |     1 |       |     1 |     4 ||     6
       Distracted        |       |       |     1 |     1 ||     2
  Eat: Chunk             |     6 |    14 |     5 |    23 ||    48
Armor: Robe              |     9 |    18 |    80 |    29 ||   136
       Troll leather arm |       |       |       |    76 ||    76
Dodge: Dodged            |    41 |    47 |   194 |   221 ||   503

Table legend:
 A = Non-vault XP
 B = Vault XP
 C = Vault XP percentage of total XP
 D = Non-vault monster count
 E = Vault monster count
 F = Vault count percentage of total count
                 A         B        C        D         E       F
            +---------+---------+-------+---------+---------+-------
      Total |   16207 |    6709 |  29.3 |     206 |     123 |  37.4
            +---------+---------+-------+---------+---------+-------
        D:1 |      32 |       0 |   0.0 |      14 |       0 |   0.0
        D:2 |      35 |       0 |   0.0 |      10 |       0 |   0.0
        D:3 |     155 |     285 |  64.8 |      24 |      12 |  33.3
        D:4 |     276 |       0 |   0.0 |      13 |       0 |   0.0
        D:5 |     505 |     740 |  59.4 |      12 |       2 |  14.3
        D:6 |     387 |       0 |   0.0 |      14 |       0 |   0.0
        D:7 |    1881 |     585 |  23.7 |      26 |       1 |   3.7
        D:8 |    1836 |    1435 |  43.9 |      11 |       2 |  15.4
        D:9 |    1115 |     370 |  24.9 |      19 |       1 |   5.0
       D:10 |    2782 |       0 |   0.0 |      30 |       0 |   0.0
       D:11 |    4439 |    2252 |  33.7 |      23 |      44 |  65.7
       D:12 |    2764 |       0 |   0.0 |      10 |       0 |   0.0
      Sewer |       0 |     514 | 100.0 |       0 |      28 | 100.0
    Ossuary |       0 |     528 | 100.0 |       0 |      33 | 100.0
            +---------+---------+-------+---------+---------+-------
